[Event "42nd Olympiad Baku 2016 Women"]
[Site "Baku"]
[Date "2016.09.05"]
[Round "4.30"]
[White "Coimbra, Margarida"]
[Black "Kalaiyalahan, Akshaya"]
[Result "0-1"]
[ECO "B22"]
[WhiteElo "2078"]
[BlackElo "2017"]
[Annotator ""]
[PlyCount "76"]
[EventDate "2016.??.??"]
[EventCountry "AZE"]
[SourceTitle "playchess.com"]
[Source "ChessBase"]
[WhiteTeam "Portugal"]
[BlackTeam "England"]
[WhiteTeamCountry "POR"]
[BlackTeamCountry "ENG"]
[TimeControl "40/5400+30:1800+30"]

1. e4 {(00:00)} c5 {(00:00)} 2. c3 {(00:00)} Nf6 {(
00:00)} 3. e5 {(00:00)} Nd5 {(00:00)} 4. d4 {(00:08)} cxd4
{(00:00)} 5. Nf3 {(00:13)} e6 {(00:04)} 6. cxd4 {(
00:10)} d6 {(00:06)} 7. Bc4 {(02:00)} Be7 {(00:18)} 8. O-O
{(00:27)} O-O {(00:18)} 9. Bd2 {(02:52)} b6 {(02:
22)} 10. Nc3 {(01:20)} Nxc3 {(00:31)} 11. Bxc3 {(02:09)}
Ba6 {(03:27)} 12. Qe2 {(07:42)} Bxc4 {(00:17)} 13. Qxc4 {
(00:18)} d5 {(03:07)} 14. Qb3 {(09:55)} Nc6 {(01:
31)} 15. Rac1 {(00:52)} Qd7 {(05:09)} 16. Bd2 {(07:29)}
Rfc8 {(08:24)} 17. Qd3 {(09:34)} h6 {(08:05)} 18. a3 {
(18:07)} Rab8 {(02:54)} 19. Rc2 {(03:56)} b5 {(02:
59)} 20. Rfc1 {(07:22)} a5 {(02:30)} 21. a4 {(07:49)} bxa4
{(14:55)} 22. Qa6 {(00:19)} a3 {(03:20)} 23. bxa3 {
(09:35)} Bxa3 {(03:21)} 24. Ra1 {(00:44)} Bb4 {(02:
11)} 25. Rac1 {(01:59)} Ne7 {(06:33)} 26. Rxc8+ {(00:44)}
Rxc8 {(00:48)} 27. Rxc8+ {(00:36)} Qxc8 {(03:23)} 28. Qb5
{(02:22)} Bxd2 {(04:11)} 29. Nxd2 {(00:08)} Qc1+ {(
00:11)} 30. Nf1 {(00:19)} Nc6 {(00:23)} 31. g3 {(03:27)}
Qc4 {(04:50)} 32. Qb6 {(01:03)} Nxd4 {(02:17)} 33. Qxa5 {
(02:00)} Nf3+ {(00:49)} 34. Kg2 {(00:10)} Qe4 {(00:
57)} 35. Ne3 {(01:02)} d4 {(01:01)} 36. Nd1 {(00:34)} Nd2+
{(02:20)} 37. Kh3 {(00:26)} Qf5+ {(00:36)} 38. Kg2 {
(00:29)} Qf3+ {(00:13)} 0-1

[Event "42nd Olympiad Baku 2016 Women"]
[Site "Baku"]
[Date "2016.09.05"]
[Round "4.18"]
[White "Cordero, Daniela"]
[Black "Wickramasinghe, Dilhara Ishini"]
[Result "1-0"]
[ECO "E63"]
[WhiteElo "1954"]
[BlackElo "1750"]
[Annotator ""]
[PlyCount "55"]
[EventDate "2016.??.??"]
[EventCountry "AZE"]
[SourceTitle "playchess.com"]
[Source "ChessBase"]
[WhiteTeam "Bolivia"]
[BlackTeam "Sri Lanka"]
[WhiteTeamCountry "BOL"]
[BlackTeamCountry "SRI"]
[TimeControl "40/5400+30:1800+30"]

1. d4 {(00:00)} g6 {(00:11)} 2. Nf3 {(00:00)} Bg7 {
(00:09)} 3. c4 {(00:00)} Nf6 {(00:21)} 4. g3 {(00:
11)} O-O {(00:08)} 5. Bg2 {(00:07)} d6 {(00:26)} 6. O-O {
(00:13)} Nc6 {(00:37)} 7. Nc3 {(01:10)} a6 {(02:04]
} 8. h3 {(02:29)} Rb8 {(03:49)} 9. e4 {(00:31)} b5 {
(09:18)} 10. cxb5 {(00:07)} axb5 {(00:05)} 11. Re1 {
(00:04)} b4 {(12:52)} 12. Nd5 {(07:29)} Bd7 {(11:
51)} 13. Bf1 {(15:29)} Na5 {(24:06)} 14. Nxf6+ {(10:36)}
Bxf6 {(06:19)} 15. Bh6 {(02:33)} Re8 {(04:55)} 16. e5 {
(02:59)} Bh8 {(01:52)} 17. Ng5 {(11:32)} e6 {(05:
41)} 18. Bd3 {(20:30)} Qe7 {(04:15)} 19. Rc1 {(08:23)} Nc6
{(02:56)} 20. Nf3 {(02:21)} d5 {(06:38)} 21. h4 {(
02:05)} Rec8 {(01:16)} 22. h5 {(01:44)} Be8 {(00:32)} 23.
Bg5 {(01:32)} Qd7 {(00:33)} 24. Qd2 {(01:13)} Ne7 {
(00:27)} 25. Bf6 {(00:39)} Nf5 {(00:33)} 26. g4 {(
00:55)} Ne7 {(00:30)} 27. Qh6 {(00:40)} Qa4 {(00:34)} 28.
Ng5 {(00:11)} 1-0

[Event "42nd Olympiad Baku 2016 Women"]
[Site "Baku"]
[Date "2016.09.05"]
[Round "4.21"]
[White "Cramling, Pia"]
[Black "Rapport, Jovana"]
[Result "1-0"]
[ECO "D02"]
[WhiteElo "2444"]
[BlackElo "2318"]
[Annotator ""]
[PlyCount "123"]
[EventDate "2016.??.??"]
[EventCountry "AZE"]
[SourceTitle "playchess.com"]
[Source "ChessBase"]
[WhiteTeam "Sweden"]
[BlackTeam "Serbia"]
[WhiteTeamCountry "SWE"]
[BlackTeamCountry "SRB"]
[TimeControl "40/5400+30:1800+30"]

1. Nf3 {(00:00)} d5 {(00:00)} 2. d4 {(00:24)} Nf6 {
(00:27)} 3. c4 {(00:32)} c5 {(00:12)} 4. dxc5 {(08:
58)} e6 {(00:41)} 5. e3 {(00:45)} Bxc5 {(00:36)} 6. a3 {
(00:19)} O-O {(01:14)} 7. Nbd2 {(02:06)} Be7 {(10:
42)} 8. b3 {(04:36)} b6 {(19:21)} 9. Bb2 {(02:19)} Bb7 {
(00:03)} 10. Be2 {(10:09)} Nbd7 {(01:31)} 11. O-O {
(00:24)} Nc5 {(00:45)} 12. Nd4 {(09:49)} Rc8 {(12:
57)} 13. Rc1 {(04:06)} Nce4 {(16:54)} 14. Nxe4 {(12:04)}
Nxe4 {(03:06)} 15. cxd5 {(06:32)} Qxd5 {(00:46)} 16. Bc4 {
(06:35)} Qd8 {(11:55)} 17. Nxe6 {(08:23)} fxe6 {(
04:26)} 18. Bxe6+ {(00:32)} Kh8 {(00:05)} 19. Bxc8 {(00:
40)} Bxc8 {(08:42)} 20. Qxd8 {(00:13)} Rxd8 {(00:01)} 21.
Rc7 {(06:11)} Bf8 {(00:04)} 22. Bd4 {(02:26)} Nd6 {
(02:45)} 23. Rd1 {(01:50)} Rd7 {(00:08)} 24. Rxd7 {
(00:55)} Bxd7 {(00:00)} 25. Be5 {(00:50)} Nf7 {(00:
06)} 26. Rxd7 {(01:47)} Nxe5 {(00:04)} 27. Rxa7 {(00:10)}
Kg8 {(00:38)} 28. Kf1 {(00:39)} Bd6 {(01:44)} 29. Ke2 {
(00:32)} Nc6 {(00:26)} 30. Ra6 {(02:28)} Bc7 {(00:
18)} 31. Ra8+ {(00:24)} Nb8 {(02:49)} 32. Ra7 {(01:54)}
Bd8 {(00:01)} 33. b4 {(01:04)} Kf8 {(02:28)} 34. b5 {
(01:41)} Be7 {(00:05)} 35. Rb7 {(00:49)} Bd6 {(00:
02)} 36. Rxb6 {(01:18)} Ke7 {(00:00)} 37. Rb7+ {(00:17)}
Nd7 {(00:08)} 38. Ra7 {(00:20)} Bc5 {(02:09)} 39. Ra8 {
(00:59)} Kd6 {(00:24)} 40. a4 {(00:00)} Kc7 {(00:
00)} 41. Rg8 {(07:10)} Bf8 {(02:27)} 42. g4 {(07:24)} Kd6
{(00:25)} 43. g5 {(00:49)} Ke7 {(00:29)} 44. Rh8 {(
00:31)} Kf7 {(02:21)} 45. Rxh7 {(00:20)} Kg6 {(00:02)} 46.
Rh8 {(01:08)} Bb4 {(00:48)} 47. f4 {(02:15)} Nb6 {(
00:35)} 48. Rb8 {(01:16)} Nxa4 {(00:08)} 49. b6 {(00:31)}
Nc5 {(04:46)} 50. Rc8 {(01:20)} Kh7 {(02:11)} 51. Kf3 {
(00:46)} Nb7 {(03:33)} 52. Rc7 {(00:29)} Nc5 {(00:
05)} 53. b7 {(02:08)} Na6 {(01:02)} 54. Rc4 {(00:17)} Be7
{(00:17)} 55. Re4 {(00:48)} Bd8 {(00:13)} 56. Re8 {
(01:19)} Bc7 {(00:06)} 57. Rc8 {(00:31)} Bb8 {(00:
13)} 58. Kg4 {(00:14)} g6 {(00:10)} 59. h4 {(00:18)} Kg7 {
(00:11)} 60. h5 {(00:12)} gxh5+ {(00:10)} 61. Kxh5 {
(00:04)} Kf7 {(01:49)} 62. Kh6 {(00:22)} 1-0

[Event "42nd Olympiad Baku 2016 Women"]
[Site "Baku"]
[Date "2016.09.05"]
[Round "4.18"]
[White "Dauletova, Gulmira"]
[Black "Zaksaite, Salomeja"]
[Result "1-0"]
[ECO "B40"]
[WhiteElo "2275"]
[BlackElo "2298"]
[Annotator ""]
[PlyCount "87"]
[EventDate "2016.??.??"]
[EventCountry "AZE"]
[SourceTitle "playchess.com"]
[Source "ChessBase"]
[WhiteTeam "Kazakhstan"]
[BlackTeam "Lithuania"]
[WhiteTeamCountry "KAZ"]
[BlackTeamCountry "LTU"]
[TimeControl "40/5400+30:1800+30"]

1. e4 {(00:00)} c5 {(00:00)} 2. Nf3 {(00:05)} e6 {(
00:00)} 3. c4 {(00:42)} Nc6 {(02:54)} 4. Be2 {(01:08)} Nf6
{(08:04)} 5. Nc3 {(00:56)} d5 {(05:14)} 6. exd5 {(
02:15)} exd5 {(00:05)} 7. d4 {(00:28)} dxc4 {(09:00)} 8.
d5 {(04:21)} Nb4 {(12:36)} 9. Bxc4 {(07:27)} Bd6 {(
00:56)} 10. a3 {(10:53)} Na6 {(00:52)} 11. O-O {(03:17)}
O-O {(00:09)} 12. Bg5 {(01:10)} h6 {(05:32)} 13. Bh4 {
(03:07)} Bf5 {(02:36)} 14. Qb3 {(14:18)} Rb8 {(07:
46)} 15. Nb5 {(04:06)} Nc7 {(09:54)} 16. Nxd6 {(03:15)}
Qxd6 {(00:05)} 17. Bg3 {(00:04)} Qd8 {(00:59)} 18. d6 {
(07:10)} Ne6 {(00:25)} 19. d7 {(02:39)} b5 {(04:17]
} 20. Be2 {(19:29)} Rb7 {(12:44)} 21. Bd6 {(01:30)} Qxd7 {
(05:38)} 22. Bxf8 {(00:04)} Kxf8 {(00:19)} 23. Rad1 {
(01:10)} Qc7 {(00:09)} 24. Rfe1 {(01:59)} Be4 {(00:
49)} 25. h3 {(02:02)} Kg8 {(01:07)} 26. Qc3 {(01:56)} Rb8
{(02:26)} 27. Qe5 {(03:37)} Qb7 {(00:05)} 28. Nh4 {
(03:05)} Re8 {(02:13)} 29. Bf3 {(01:16)} Bxf3 {(05:
43)} 30. Nxf3 {(00:02)} Rc8 {(00:43)} 31. Nh4 {(00:54)} c4
{(00:52)} 32. Qe3 {(00:43)} Rc5 {(00:59)} 33. Qf3 {
(00:06)} Qc7 {(00:25)} 34. Nf5 {(00:41)} Ng5 {(00:
46)} 35. Qg3 {(00:54)} Qb7 {(00:30)} 36. Re7 {(00:32)} Qb6
{(00:34)} 37. Ne3 {(00:35)} Nge4 {(00:30)} 38. Qf4 {
(00:23)} Qc6 {(00:32)} 39. Rd8+ {(00:28)} Kh7 {(00:
03)} 40. Rxf7 {(00:00)} Rg5 {(00:00)} 41. h4 {(04:51)} Rc5
{(15:16)} 42. Nf5 {(05:21)} Nh5 {(02:01)} 43. Qg4 {
(00:49)} Qg6 {(02:50)} 44. Rh8+ {(00:32)} 1-0

[Event "42nd Olympiad Baku 2016 Women"]
[Site "Baku"]
[Date "2016.09.05"]
[Round "4.17"]
[White "Daulyte, Deimante"]
[Black "Abdumalik, Zhansaya"]
[Result "1-0"]
[ECO "C50"]
[WhiteElo "2421"]
[BlackElo "2389"]
[Annotator ""]
[PlyCount "111"]
[EventDate "2016.??.??"]
[EventCountry "AZE"]
[SourceTitle "playchess.com"]
[Source "ChessBase"]
[WhiteTeam "Lithuania"]
[BlackTeam "Kazakhstan"]
[WhiteTeamCountry "LTU"]
[BlackTeamCountry "KAZ"]
[TimeControl "40/5400+30:1800+30"]

1. e4 {(00:00)} e5 {(00:00)} 2. Nf3 {(00:00)} Nc6 {
(01:04)} 3. Bc4 {(00:00)} Bc5 {(01:40)} 4. O-O {(
00:24)} d6 {(01:25)} 5. c3 {(02:03)} Nf6 {(01:49)} 6. d3 {
(05:57)} a6 {(02:23)} 7. a4 {(00:14)} O-O {(05:05)}
8. Bg5 {(00:46)} h6 {(02:10)} 9. Bh4 {(00:08)} g5 {
(01:56)} 10. Nxg5 {(04:05)} hxg5 {(02:20)} 11. Bxg5 {
(00:06)} Kg7 {(02:21)} 12. b4 {(00:41)} Bb6 {(01:
23)} 13. Qf3 {(06:41)} Qe7 {(07:23)} 14. Na3 {(30:51)} Be6
{(11:39)} 15. Bd5 {(03:53)} Rh8 {(04:55)} 16. Nc4 {
(03:15)} Rag8 {(06:53)} 17. b5 {(05:06)} Nb8 {(05:
26)} 18. Nxb6 {(03:22)} cxb6 {(00:11)} 19. Bxb7 {(01:01)}
a5 {(01:15)} 20. d4 {(07:25)} Nbd7 {(07:02)} 21. Bc6 {
(10:12)} Kf8 {(04:20)} 22. h4 {(01:38)} Rxg5 {(02:
26)} 23. hxg5 {(00:19)} Ng4 {(00:12)} 24. d5 {(08:05)}
Qxg5 {(06:50)} 25. dxe6 {(00:42)} Ndf6 {(00:07)} 26. Rad1
{(02:11)} Nh2 {(09:33)} 27. Qf5 {(01:06)} Qh6 {(05:
43)} 28. Rfe1 {(01:40)} Nhg4 {(00:32)} 29. Kf1 {(00:26)}
Rg8 {(02:14)} 30. Rxd6 {(01:17)} Rg5 {(00:20)} 31. e7+ {
(00:50)} Kxe7 {(00:41)} 32. Qc8 {(00:48)} Nh2+ {(
00:29)} 33. Ke2 {(00:17)} Qh5+ {(00:49)} 34. Kd3 {(00:53)}
Kxd6 {(01:06)} 35. Kc2 {(00:33)} Rg8 {(00:52)} 36. Qb7 {
(00:10)} Nf1 {(02:40)} 37. Qxb6 {(00:44)} Ke7 {(00:
43)} 38. Qc5+ {(00:23)} Ke6 {(00:01)} 39. Qc4+ {(00:29)}
Ke7 {(00:04)} 40. Rxf1 {(00:00)} Rd8 {(00:00)} 41. Qc5+ {
(06:25)} Ke6 {(02:58)} 42. Re1 {(04:02)} Qg4 {(01:
29)} 43. Bd5+ {(02:20)} Nxd5 {(02:40)} 44. exd5+ {(00:15)}
Kf5 {(00:19)} 45. Kb3 {(05:13)} Qxg2 {(04:25)} 46. Rxe5+ {
(03:42)} Kxe5 {(00:02)} 47. Qe7+ {(00:11)} Kf5 {(
01:10)} 48. Qxd8 {(01:40)} Qxf2 {(01:21)} 49. b6 {(06:02)}
Qf1 {(03:07)} 50. Qd7+ {(00:40)} Ke4 {(01:13)} 51. b7 {
(01:13)} Qb1+ {(04:14)} 52. Kc4 {(00:07)} Qd3+ {(
00:08)} 53. Kc5 {(00:16)} Qxc3+ {(00:07)} 54. Kb6 {(00:39]
} Qd4+ {(00:46)} 55. Ka6 {(00:43)} Qe5 {(01:19)} 56. Ka7 {
(00:26] Kxd5} 1-0

[Event "42nd Olympiad Baku 2016 Women"]
[Site "Baku"]
[Date "2016.09.05"]
[Round "4.15"]
[White "De Seroux, Camille"]
[Black "Avramidou, Anastasia"]
[Result "1/2-1/2"]
[ECO "B40"]
[WhiteElo "2101"]
[BlackElo "2273"]
[Annotator ""]
[PlyCount "122"]
[EventDate "2016.??.??"]
[EventCountry "AZE"]
[SourceTitle "playchess.com"]
[Source "ChessBase"]
[WhiteTeam "Switzerland"]
[BlackTeam "Greece"]
[WhiteTeamCountry "SUI"]
[BlackTeamCountry "GRE"]
[TimeControl "40/5400+30:1800+30"]

1. e4 {(00:00)} c5 {(00:00)} 2. Nf3 {(00:00)} e6 {(
00:00)} 3. c3 {(00:00)} d5 {(00:16)} 4. exd5 {(00:00)}
Qxd5 {(02:46)} 5. d4 {(00:17)} Nf6 {(01:29)} 6. Bd3 {
(02:12)} Be7 {(02:04)} 7. O-O {(00:38)} O-O {(00:
32)} 8. Be3 {(01:58)} Rd8 {(05:13)} 9. Bc2 {(07:01)} Qh5 {
(13:28)} 10. Ne5 {(08:09)} Qxd1 {(00:57)} 11. Rxd1 {
(00:33)} cxd4 {(09:46)} 12. Bxd4 {(01:10)} Nc6 {(
03:07)} 13. Nxc6 {(05:10)} bxc6 {(00:05)} 14. Nd2 {(02:51]
} c5 {(15:59)} 15. Be5 {(02:42)} Ba6 {(09:07)} 16. Ne4 {
(09:02)} Nd5 {(02:56)} 17. h3 {(12:04)} f6 {(01:04]
} 18. Bh2 {(02:31)} Kf7 {(03:59)} 19. Bb3 {(13:18)} c4 {
(03:17)} 20. Ba4 {(05:33)} Rac8 {(00:22)} 21. Nd2 {
(04:34)} e5 {(08:26)} 22. Nf3 {(02:00)} Bb7 {(00:
13)} 23. Bc2 {(01:50)} g6 {(00:21)} 24. Rd2 {(01:17)} Nb6
{(01:47)} 25. Rad1 {(02:39)} Bxf3 {(03:35)} 26. gxf3 {
(00:54)} Rxd2 {(04:38)} 27. Rxd2 {(00:10)} Rd8 {(
00:01)} 28. Rxd8 {(01:03)} Bxd8 {(00:05)} 29. f4 {(00:44)}
Ke6 {(03:50)} 30. Kg2 {(02:47)} Nd5 {(02:52)} 31. Kf3 {
(05:22)} Bb6 {(01:57)} 32. fxe5 {(02:27)} fxe5 {(
00:05)} 33. Bg3 {(01:26)} Bd8 {(01:04)} 34. h4 {(01:31)}
Be7 {(00:26)} 35. Be4 {(02:19)} Nb6 {(00:47)} 36. Bc2 Bf8
{(00:44)} 37. Ke4 {(01:33)} Nd7 {(00:03)} 38. f4 {(
00:23)} Nc5+ {(00:45)} 39. Kf3 {(00:24)} Bh6 {(00:46)} 40.
fxe5 {(00:00)} Bc1 {(00:00)} 41. b3 {(11:05)} cxb3 {
(17:19)} 42. axb3 {(07:04)} Bd2 {(01:07)} 43. b4 {(
11:13)} Nb7 {(09:04)} 44. Bb3+ {(01:05)} Ke7 {(00:39)} 45.
Bd5 {(01:31)} Nd8 {(00:05)} 46. Bf2 {(00:59)} Bxc3 {
(00:08)} 47. b5 {(00:25)} Bxe5 {(01:45)} 48. Bxa7 {
(00:10)} Ne6 {(03:55)} 49. b6 {(01:18)} Bd4 {(00:
33)} 50. Kg4 {(00:33)} h5+ {(00:43)} 51. Kg3 {(00:36)} g5
{(00:34)} 52. hxg5 {(00:48)} Nxg5 {(00:07)} 53. Kh4 {
(00:16)} Ne6 {(00:47)} 54. Bf3 {(00:30)} Ng7 {(00:
30)} 55. Kg5 {(00:46)} Kd7 {(00:44)} 56. Bh1 {(00:33)}
Be3+ {(00:34)} 57. Kg6 {(00:20)} Ne6 {(00:25)} 58. Kxh5 {
(00:20)} Nd8 {(00:26)} 59. Be4 {(00:39)} Nc6 {(00:
28)} 60. b7 {(00:30)} Bxa7 {(00:06)} 61. Bxc6+ {(00:04)}
Kxc6 {(00:06)} 1/2-1/2

[Event "42nd Olympiad Baku 2016 Women"]
[Site "Baku"]
[Date "2016.09.05"]
[Round "4.15"]
[White "Deng Jing Xin Crystal"]
[Black "A-ALI, Sali Abbas Abdulzah"]
[Result "0-1"]
[ECO "D96"]
[WhiteElo "1625"]
[BlackElo "1728"]
[Annotator ""]
[PlyCount "122"]
[EventDate "2016.??.??"]
[EventCountry "AZE"]
[SourceTitle "playchess.com"]
[Source "ChessBase"]
[WhiteTeam "Hong Kong"]
[BlackTeam "Iraq"]
[WhiteTeamCountry "HKG"]
[BlackTeamCountry "IRQ"]
[TimeControl "40/5400+30:1800+30"]

1. d4 {(00:00)} d5 {(00:00)} 2. c4 {(00:00)} c6 {(
00:00)} 3. Nf3 {(00:00)} Nf6 {(00:00)} 4. Nc3 {(00:00)} g6
{(00:50)} 5. Bf4 {(00:06)} Bg7 {(00:54)} 6. e3 {(
00:20)} O-O {(00:29)} 7. Qb3 {(01:35)} dxc4 {(02:15)} 8.
Bxc4 {(00:21)} Nbd7 {(01:33)} 9. Ng5 {(09:44)} Qe8 {
(05:17)} 10. Bc7 {(08:58)} h6 {(03:42)} 11. Nf3 {(
00:59)} b6 {(07:09)} 12. O-O {(01:41)} Bb7 {(01:33)} 13.
Rfe1 {(02:35)} Qc8 {(03:53)} 14. Bg3 {(01:31)} c5 {
(06:53)} 15. Nh4 {(05:13)} e6 {(02:32)} 16. Nb5 {(
03:50)} Ne4 {(06:08)} 17. Nc7 {(05:53)} Nxg3 {(01:57)} 18.
Nxa8 {(00:35)} Ne4 {(00:38)} 19. Bxe6 {(02:42)} fxe6 {
(17:12)} 20. Qxe6+ {(00:09)} Kh8 {(01:08)} 21. Nxg6+ {
(00:56)} Kh7 {(00:06)} 22. Nxf8+ {(03:24)} Qxf8 {(
02:44)} 23. f3 {(05:32)} Ng5 {(03:52)} 24. Qxd7 {(04:01)}
Nxf3+ {(08:09)} 25. gxf3 {(01:52)} Qxf3 {(00:03)} 26. e4 {
(00:14)} Bc8 {(01:38)} 27. Qxg7+ {(18:41)} Kxg7 {(
00:16)} 28. Rad1 {(00:39)} Bb7 {(01:49)} 29. dxc5 {(07:46]
} Qg4+ {(10:01)} 30. Kf2 {(02:21)} Qf4+ {(00:04)} 31. Kg1
{(00:17)} Qg5+ {(00:17)} 32. Kf1 {(05:21)} Bxa8 {(
01:14)} 33. Rd7+ {(01:27)} Kf6 {(01:16)} 34. Rxa7 {(01:11]
} Qf4+ {(01:22)} 35. Kg1 {(00:13)} Qg4+ {(00:22)} 36. Kf2
{(01:30)} Bxe4 {(00:59)} 37. Rf1 {(04:01)} Ke6 {(
00:22)} 38. Ra3 {(01:03)} Qf4+ {(01:52)} 39. Kg1 {(00:41)}
Qg5+ {(00:08)} 40. Kf2 {(00:00)} Qxc5+ {(00:00)} 41. Re3 {
(01:42)} Kd6 {(03:25)} 42. Rd1+ {(01:40)} Kc7 {(01:
28)} 43. Rde1 {(02:41)} Qf5+ {(01:28)} 44. Ke2 {(01:07)}
Qb5+ {(02:56)} 45. Kd1 {(00:55)} Qh5+ {(00:34)} 46. Kc1 {
(00:46)} Bg6 {(01:01)} 47. R1e2 {(01:46)} Qf5 {(00:
49)} 48. Kd2 {(01:02)} Qd5+ {(02:34)} 49. Ke1 {(01:20)}
Bh5 {(00:48)} 50. Rc2+ {(04:05)} Kb8 {(00:17)} 51. Rec3 {
(02:11)} Qh1+ {(00:38)} 52. Kf2 {(01:23)} Qxh2+ {(
00:08)} 53. Ke3 {(00:07)} Qg3+ {(00:28)} 54. Kd4 {(00:36)}
Qf4+ {(00:38)} 55. Kd5 {(00:41)} Bf7+ {(00:46)} 56. Kc6 {
(00:04)} Qc7+ {(00:32)} 57. Kb5 {(00:14)} Be8+ {(
00:14)} 58. Kb4 {(01:17)} Qd6+ {(00:26)} 59. Kb3 {(02:35)}
Qd5+ {(00:44)} 60. Kb4 {(01:36)} Qb5+ {(00:07)} 61. Ka3 {
(00:04)} Qa4# {(00:04)} 0-1

[Event "42nd Olympiad Baku 2016 Women"]
[Site "Baku"]
[Date "2016.09.05"]
[Round "4.3"]
[White "Di Benedetto, Desiree"]
[Black "Khalafova, Narmin"]
[Result "1/2-1/2"]
[ECO "D12"]
[WhiteElo "2183"]
[BlackElo "2219"]
[Annotator ""]
[PlyCount "67"]
[EventDate "2016.??.??"]
[EventCountry "AZE"]
[SourceTitle "playchess.com"]
[Source "ChessBase"]
[WhiteTeam "Italy"]
[BlackTeam "Azerbaijan"]
[WhiteTeamCountry "ITA"]
[BlackTeamCountry "AZE"]
[TimeControl "40/5400+30:1800+30"]

1. Nf3 {(00:00)} Nf6 {(00:40)} 2. c4 {(00:02)} c6 {
(00:25)} 3. d4 {(01:37)} d5 {(00:06)} 4. e3 {(00:
17)} Bf5 {(00:25)} 5. Nc3 {(01:19)} a6 {(00:22)} 6. Bd3 {
(08:17)} Bxd3 {(02:57)} 7. Qxd3 {(00:05)} e6 {(00:
06)} 8. O-O {(04:08)} Bb4 {(01:48)} 9. Nd2 {(13:42)} Nbd7
{(10:55)} 10. e4 {(09:11)} dxe4 {(04:44)} 11. Ndxe4 {
(02:34)} Nxe4 {(05:13)} 12. Qxe4 {(10:24)} O-O {(
04:18)} 13. Rd1 {(02:53)} Nf6 {(16:36)} 14. Qf3 {(05:07)}
Qc7 {(04:26)} 15. Bg5 {(06:27)} Be7 {(02:31)} 16. Rac1 {
(09:57)} Rac8 {(26:13)} 17. h3 {(06:48)} Rfd8 {(04:
02)} 18. Be3 {(01:59)} Qa5 {(01:36)} 19. a3 {(06:49)} Rd7
{(02:47)} 20. Ne4 {(02:56)} Nxe4 {(01:17)} 21. Qxe4 {
(00:01)} Qf5 {(02:07)} 22. Qxf5 {(01:05)} exf5 {(
00:02)} 23. Rd3 {(01:07)} Bf6 {(00:50)} 24. Rcd1 {(01:58)}
Rcd8 {(01:06)} 25. b3 {(00:35)} f4 {(01:31)} 26. Bxf4 {
(00:05)} Rxd4 {(00:58)} 27. Rxd4 {(00:04)} Rxd4 {(
00:03)} 28. Rxd4 {(00:22)} Bxd4 {(00:02)} 29. Kf1 {(01:03]
} Kf8 {(00:43)} 30. Ke2 {(00:13)} Ke7 {(00:08)} 31. f3 {
(00:23)} Ke6 {(00:52)} 32. Kd3 {(00:10)} Bc5 {(01:
08)} 33. a4 {(00:28)} h5 {(00:49)} 34. Ke4 {Ke5+} 1/2-1/2

[Event "42nd Olympiad Baku 2016 Women"]
[Site "Baku"]
[Date "2016.09.05"]
[Round "4.25"]
[White "Diaz Cesar, Wilsaida Pieranlly"]
[Black "Steil-Antoni, Fiona"]
[Result "0-1"]
[ECO "A88"]
[WhiteElo "1889"]
[BlackElo "2159"]
[Annotator ""]
[PlyCount "88"]
[EventDate "2016.??.??"]
[EventCountry "AZE"]
[SourceTitle "playchess.com"]
[Source "ChessBase"]
[WhiteTeam "Dominican Republic"]
[BlackTeam "Luxembourg"]
[WhiteTeamCountry "DOM"]
[BlackTeamCountry "LUX"]
[TimeControl "40/5400+30:1800+30"]

1. Nf3 {(00:00)} d6 {(00:00)} 2. d4 {(00:00)} g6 {(
00:01)} 3. g3 {(00:00)} Bg7 {(00:17)} 4. Bg2 {(00:08)} f5
{(01:49)} 5. c4 {(02:57)} Nf6 {(00:32)} 6. Nc3 {(
00:08)} O-O {(01:04)} 7. O-O {(00:38)} c6 {(00:43)} 8. b3
{(00:24)} Nbd7 {(01:28)} 9. Bb2 {(02:43)} e5 {(05:
33)} 10. e3 {(07:10)} e4 {(02:15)} 11. Nd2 {(02:00)} d5 {
(02:16)} 12. Qc2 {(03:50)} Rf7 {(05:58)} 13. c5 {(
05:29)} Nf8 {(01:15)} 14. b4 {(00:23)} g5 {(02:50)} 15.
Nb3 Ng6 16. Ne2 {(09:07)} f4 {(07:36)} 17. gxf4 gxf4 18. Nxf4
Nxf4 19. exf4 {(05:20)} Nh5 20. Bc1 Bh6 21. f5 Bxc1 22. Qxc1 Rg7 23. Qe3
Bxf5 24. Nc1 Qh4 25. Ne2 Rf8 {(31:35)} 26. Kh1 {(15:26)} Bd7 {
(05:35)} 27. Rac1 Kh8 28. Rc3 Rxg2 29. Kxg2 Rf3 30. Qc1 {(06:42)}
Bh3+ {(13:27)} 31. Kg1 {(03:17)} Qg4+ {(09:45)} 32. Ng3 {
(01:23)} Bxf1 {(08:25)} 33. Kxf1 {(00:19)} Nf4 {(
00:53)} 34. Rxf3 Qxf3 35. Qe3 {(07:25)} Qd1+ 36. Qe1 Qd3+ 37. Kg1 Qf3
38. Qf1 h5 {(03:04)} 39. h4 e3 40. fxe3 {(00:00)} Qxg3+ {(
00:00)} 41. Kh1 {(11:12)} Qxh4+ {(01:56)} 42. Kg1 {(00:11]
} Qg3+ {(00:42)} 43. Kh1 {(00:13)} Qxe3 44. Kh2 Qe2+ {(01:
19)} 0-1

[Event "42nd Olympiad Baku 2016 Women"]
[Site "Baku"]
[Date "2016.09.05"]
[Round "4.4"]
[White "Diaz, Luisa Fernanda"]
[Black "Klotz, Jutta"]
[Result "1-0"]
[ECO "C10"]
[WhiteElo "1852"]
[BlackElo "1490"]
[Annotator ""]
[PlyCount "87"]
[EventDate "2016.??.??"]
[EventCountry "AZE"]
[SourceTitle "playchess.com"]
[Source "ChessBase"]
[WhiteTeam "GUA"]
[BlackTeam "MLT"]
[WhiteTeamCountry "COL"]
[BlackTeamCountry "MLT"]
[TimeControl "40/5400+30:1800+30"]

1. e4 {(00:00)} e6 {(00:00)} 2. d4 {(00:00)} d5 {(
00:00)} 3. Nc3 {(00:00)} Ne7 {(01:01)} 4. Nf3 {(00:46)}
Ng6 {(01:00)} 5. a3 {(03:17)} Be7 {(00:38)} 6. Bd3 {
(01:10)} O-O {(09:40)} 7. Be3 {(08:05)} dxe4 {(02:
15)} 8. Bxe4 {(00:25)} Nh4 {(01:00)} 9. Nxh4 {(02:32)}
Bxh4 {(00:10)} 10. Qf3 {(05:40)} c6 {(01:40)} 11. g3 {
(01:52)} Be7 {(00:10)} 12. O-O-O {(01:03)} Qc7 {(
09:11)} 13. Qh5 {(05:44)} f5 {(09:28)} 14. Bd3 {(01:33)}
g6 {(06:34)} 15. Qe2 {(05:25)} Bf6 {(03:19)} 16. Bf4 {
(10:07)} Qe7 {(04:26)} 17. Bc4 {(03:56)} b5 {(07:
33)} 18. Ba2 {(00:40)} Na6 {(02:18)} 19. g4 {(08:52)} Kh8
{(04:06)} 20. gxf5 {(06:08)} exf5 {(00:15)} 21. Qxe7 {
(01:56)} Bxe7 {(00:09)} 22. d5 {(00:37)} b4 {(01:
11)} 23. d6 {(05:18)} Bf6 {(02:56)} 24. Ne2 {(01:54)} Bd7
{(00:58)} 25. axb4 {(01:49)} Nxb4 {(00:15)} 26. Bb3 {
(00:08)} a5 {(00:22)} 27. Ba4 {(01:40)} Rab8 {(01:
48)} 28. c3 {(06:28)} Nd5 {(04:34)} 29. Rxd5 {(01:46)}
cxd5 {(03:17)} 30. Bxd7 {(00:05)} Rb6 {(08:27)} 31. Ba4 {
(05:51)} Rc8 {(01:06)} 32. Rd1 {(03:10)} Rc4 {(02:
59)} 33. Bc2 {(01:48)} Rb5 {(04:38)} 34. Bd3 {(00:43)}
Rxf4 {(05:35)} 35. Nxf4 {(00:08)} Rc5 {(01:17)} 36. Re1 {
(01:48)} d4 {(00:33)} 37. Re8+ {(00:18)} Kg7 {(00:
12)} 38. Ne6+ {(00:39)} Kf7 {(00:33)} 39. d7 {(00:12)}
dxc3 {(00:34)} 40. Nxc5 {(00:00)} cxb2+ {(00:00)} 41. Kb1
{(00:17)} Be7 {(02:51)} 42. d8=Q {(00:14)} Bxd8 {(
00:22)} 43. Rxd8 {(00:13)} Ke7 {(00:26)} 44. Rd7+ {(00:32]
} 1-0